 Dungeon Sprint DCSS version 0.21-a0-52-gbf49515 (webtiles) character file.

65 Kidiri the Ruffian (level 3, -4/40 HPs)
             Began as a Troll Monk on June 13, 2017.
             Was a Believer of Wu Jian.
             Slain by a deep elf archer
             ... wielding a +0 dagger
              (12 damage)
             ... in the Dungeon (Sprint V: "Ziggurat Sprint").
             The game lasted 00:02:04 (169 turns).

Kidiri the Ruffian (Troll Monk)                      Turns: 169, Time: 00:02:04

Health: -4/40      AC:  5    Str: 25    XL:     3   Next: 94%
Magic:  2/2        EV: 13    Int:  6    God:    Wu Jian [**....]
Gold:   0          SH:  0    Dex: 19    Spells: 2/2 levels left

rFire    . . .     SeeInvis .     - Unarmed
rCold    . . .     Gourm    +   (no shield)
rNeg     . . .     Faith    .   a - +0 robe
rPois    .         Spirit   .   (helmet restricted)
rElec    .         Reflect  .   (no cloak)
rCorr    .         Harm     .   (gloves unavailable)
MR       .....     NoTele   +   (boots unavailable)
Stlth    ++........             (no amulet)
Regen    0.6/turn               x - +6 ring of dexterity
MPRegen  0.1/turn               B - +6 ring of strength

@: no status effects
A: unfitting armour, claws 3, fast metabolism 3, gourmand, regeneration 1,
shaggy fur 1, tough skin 2
a: Renounce Religion


You were in the Dungeon.
You worshipped Wu Jian.
Wu Jian was pleased with you.
You were not hungry.

You visited 1 branch

Inventory:

Armour
 a - a +0 robe (worn)
 z - +5 gold dragon scales
 A - the +18 shield of the Gong {rElec rN+ MR+ EV-5}
   (You found it in the Dungeon)

   It affects your evasion (-5).
   It insulates you from electricity.
   It protects you from negative energy.
   It affects your resistance to hostile enchantments.
Jewellery
 x - a +6 ring of dexterity (left claw)
 y - a +6 ring of dexterity
 B - a +6 ring of strength (right claw)
 C - a +6 ring of strength
Wands
 D - a wand of disintegration (7/24)
 E - a wand of iceblast (4/15)
 F - a wand of lightning (5/15)
 G - a wand of acid (2/15)
Scrolls
 h - 4 scrolls of blinking
 o - 4 scrolls of amnesia
 p - 3 scrolls of recharging
 q - 7 scrolls of fog
 r - a scroll of holy word
 s - 5 scrolls of identify
 t - 5 scrolls of remove curse
 u - 2 scrolls of fear
Potions
 c - 10 potions of curing
 d - 10 potions of heal wounds
 e - 6 potions of haste
 f - 7 potions of magic
 g - 3 potions of berserk rage
 i - 2 potions of brilliance
 j - 2 potions of invisibility
 k - 4 potions of resistance
 m - 5 potions of agility
 n - 5 potions of might
Comestibles
 b - 6 bread rations
 v - 42 fruits
 w - 4 meat rations


   Skills:
 * Level 4.6 Fighting
 + Level 2.3 Armour
 * Level 4.6 Dodging
 - Level 1.0 Stealth
 + Level 2.4 Shields
 * Level 5.4 Unarmed Combat


You had 2 spell levels left.
You didn't know any spells.

Dungeon Overview and Level Annotations

Branches:
Dungeon (1/1)

Altars:
Ashenzari
Cheibriados
Dithmenos
Elyvilon
Fedhas
Gozag
Hepliaklqana
Kikubaaqudgha
Makhleb
Nemelex Xobeh
Okawaru
Qazlal
Ru
Sif Muna
Trog
Uskayaw
Vehumet
Wu Jian
Xom
Yredelemnul
Zin
The Shining One
Beogh
Jiyva
Lugonu

Annotations:
D 1 transporter


Innate Abilities, Weirdness & Mutations

You are too large for most types of armour.
You have claws for hands.
Your metabolism is lightning-fast.
You like to eat raw meat.
Your natural rate of healing is unusually fast.
You are covered in fur. (AC +1)
You have very tough skin. (AC +2)


Message History

The bolt of acid hits the deep elf archer.
The deep elf archer is splashed with acid.
The acid corrodes the deep elf archer!
The deep elf archer is severely wounded.
This wand has 2 charges left.
Unknown command.
You completely miss something.
The deep elf archer shoots an arrow.
Something hits you!
Unknown command.
The deep elf mage barely misses you. Something hits you.
Unknown command.
You mangle something!!
You hear some strange, mumbled words.
A shard of ice appears from out of thin air!
The shard of ice hits you!
* * * LOW HITPOINT WARNING * * *
The deep elf archer unwields an uncursed shortbow.
The deep elf archer wields an uncursed dagger.
The deep elf archer hits you with an uncursed dagger!
You die...

▓▓▓▓▓▓▓▓▓▓▓▓▓
▓.8©8.▓.8©8.▓
▓.=||.▓.....▓
▓.....▓.}.).▓
▓.....▓...).▓
▓.ee..▓...).▓
▓.@(..▓.....▓
▓.....▓▓▓▓▓▓▓
▓▓▓▓▓▓▓


You could see a deep elf archer and a deep elf mage.

Vanquished Creatures
  2 orc priests (D)
2 creatures vanquished.

Notes
Turn   | Place    | Note
-------+----------+-------------------------------------------
     0 | D        | Kidiri the Troll Monk began the quest for the Orb.
     0 | D        | Reached XP level 1. HP: 22/22 MP: 0/0
     0 | D        | Found a deep blue altar of Sif Muna.
     0 | D        | Found a bloodstained altar of Trog.
     0 | D        | Found a sacrificial altar of Ru.
     0 | D        | Found a stormy altar of Qazlal.
     0 | D        | Found an iron altar of Okawaru.
     1 | D        | Found a sparkling altar of Nemelex Xobeh.
     1 | D        | Found a blossoming altar of Fedhas.
     3 | D        | Found a transporter.
     3 | D        | Found an ancient bone altar of Kikubaaqudgha.
     3 | D        | Found a viscous altar of Jiyva.
     3 | D        | Found a corrupted altar of Lugonu.
     3 | D        | Found a hazy altar of Hepliaklqana.
     3 | D        | Found a burning altar of Makhleb.
     3 | D        | Found an opulent altar of Gozag.
   103 | D        | Became a worshipper of the Wu Jian Council
   103 | D        | Reached * piety under Wu Jian
   103 | D        | Reached ** piety under Wu Jian
   104 | D        | Reached skill level 1 in Armour
   104 | D        | Reached skill level 1 in Shields
   104 | D        | Reached skill level 4 in Unarmed Combat
   104 | D        | Reached XP level 2. HP: 32/32 MP: 1/1
   119 | D        | Entered arena 2.
   119 | D        | Found a transporter.
   122 | D        | Reached skill level 5 in Unarmed Combat
   122 | D        | Reached XP level 3. HP: 36/39 MP: 2/2
   162 | D        | Entered arena 3.
   162 | D        | Noticed a deep elf archer
   162 | D        | Noticed a deep elf knight
   162 | D        | Noticed a deep elf mage
   162 | D        | Found a transporter.
   169 | D        | Slain by a deep elf archer

Vault maps used:
D:        sprint_v

Skill      XL: |  1  2 |
---------------+-------+-----
Fighting       | 3 4 |  4.6
Armour         | 1 2 |  2.3
Dodging        | 3 4 |  4.6
Shields        | 1 2 |  2.4
Unarmed Combat | 4 5 |  5.4
Stealth        | |  1.0

Action                   || total
-------------------------++-------
Melee: Unarmed           ||     6
Evoke: Wand              ||     4
  Use: Potion            ||     1
Armor: Robe              ||     1
Dodge: Dodged            ||     2
